 Dungeon Crawl Stone Soup version 0.16.0-8-gd9ae3a8 (webtiles) character file.

74911 Zapata the Basher (level 15, -4/98 HPs)
             Began as a Kobold Berserker on Mar 16, 2015.
             Was the Champion of Trog.
             Killed by divine providence
             ... invoked by an orc high priest
              (17 damage)
             ... on level 4 of the Orcish Mines on Mar 17, 2015.
             The game lasted 01:01:03 (26775 turns).

Zapata the Basher (Kobold Berserker)               Turns: 26775, Time: 01:01:03

Health: -4/98      AC: 18    Str: 16    XL:     15   Next: 96%
Magic:  15/15      EV: 19    Int:  5    God:    Trog [******]
Gold:   2129       SH:  0    Dex: 22    Spells: 0 memorised, 14 levels left

rFire  + + .     SeeInvis .     a - +6 flail (protect)
rCold  + . .     Clarity  .     A - +4 chain mail {rF+}
rNeg   + . .     SustAb   .     (no shield)
rPois  .         Gourm    .     h - +2 helmet {rF+}
rElec  .         Spirit   .     H - +0 cloak
rCorr  .         Warding  .     e - +0 pair of gloves
rMut   .         Stasis   .     x - +1 pair of boots
MR     +....                    (no amulet)
Stlth  +++.......               F - ring of protection from cold
                                C - ring of positive energy

@: corroded equipment, somewhat resistant to hostile enchantments, fairly
stealthy
A: carnivore 3
a: Burn Spellbooks, Berserk, Trog's Hand, Brothers in Arms, Renounce Religion


You were on level 4 of the Orcish Mines.
You worshipped Trog.
Trog was exalted by your worship.
You were full.

You visited 3 branches of the dungeon, and saw 24 of its levels.
You also visited: Volcano.

You collected 2405 gold pieces.
You spent 276 gold pieces at shops.

Inventory:

Hand weapons
 a - a +6 flail of protection (weapon)
 b - a +1 hand crossbow of freezing
 J - a +1 demon whip of venom
Missiles
 g - 21 silver bolts
 G - 20 steel bolts
 Q - 108 bolts
Armour
 e - a +0 pair of gloves (worn)
 h - a +2 helmet of fire resistance (worn)
 s - a +0 buckler
 x - a +1 pair of boots (worn)
 A - a +4 chain mail of fire resistance (worn)
 H - a +0 cloak (worn)
 M - a +2 ring mail of cold resistance
Jewellery
 C - a ring of positive energy (left hand)
 D - an uncursed ring of protection from magic
 F - a ring of protection from cold (right hand)
Magical devices
 u - a wand of digging (10)
 v - a wand of cold (7)
 y - a wand of fire (3)
Scrolls
 i - 4 scrolls of remove curse
 l - 5 scrolls of blinking
 q - 5 scrolls of recharging
 z - 3 scrolls of fog
 B - 3 scrolls of fear
 O - 4 scrolls of enchant weapon
 V - 6 scrolls of teleportation {unknown}
Potions
 f - 2 potions of cancellation
 j - 2 potions of might
 n - 4 potions of berserk rage {unknown}
 r - a potion of cure mutation {unknown}
 t - 6 potions of curing
 w - 2 potions of resistance {unknown}
 K - 4 potions of haste {unknown}
 L - 3 potions of restore abilities {unknown}
 R - 4 potions of ambrosia {unknown}
 S - a potion of flight {unknown}
 T - a potion of invisibility {unknown}
 U - 3 potions of brilliance {unknown}
Comestibles
 c - 9 meat rations
 k - 11 beef jerkies


   Skills:
 - Level 13.1 Fighting
 - Level 14.7 Maces & Flails
 - Level 8.1 Crossbows
 - Level 7.6 Armour
 - Level 13.6 Dodging
 - Level 12.0 Stealth
 * Level 6.1 Shields


You had 14 spell levels left.
You didn't know any spells.

Dungeon Overview and Level Annotations

Branches:
Dungeon (12/15)            Temple (0/1) D:7            Lair (8/8) D:9
 Shoals (0/5) Lair:5       Spider (0/5) Lair:4        Slime (0/6) Lair:6
    Orc (4/4) D:12            Elf (0/3) Orc:3

Altars:
Ashenzari
Dithmenos
Fedhas
Kikubaaqudgha
Makhleb
Qazlal
Sif Muna
Vehumet
Yredelemnul
Beogh

Shops:
D:5 *   D:7 *   Orc:4 ?(*:

Annotations:
D:5 ctrl tele
D:8 oklo, exclusion: 2 oklob plants
Lair:4 exclusion: 3 oklob plants
Lair:5 exclusion: oklob plant


Innate Abilities, Weirdness & Mutations

You are small and have problems with some larger weapons.
You are carnivorous and can eat meat at any time.


Message History

Firing (i - inventory. (,) - cycle):
g - 22 silver bolts (quivered)
Press: ? - help, Shift-Dir - straight line, f/p - orc high priest
Aim: an orc high priest, wielding a dire flail (moderately wounded)
You shoot a silver bolt.
The silver bolt hits the orc high priest but does no damage.
The orc high priest is moderately wounded.
The orc wizard glows brightly for a moment.
Use which ability? (? or * to list)
Your stone giant goes berserk!
You feel somewhat less full.
The orc high priest calls down the wrath of Beogh upon you.
Pain shoots through your body!
* * * LOW HITPOINT WARNING * * *
Huge Dmg: -12%(-12hp) hp: 14%(13hp)
Your +1 hand crossbow of freezing stops glowing.
You feel protected!
a - a +6 flail of protection (weapon)
The orc high priest mumbles some strange prayers to Beogh against you.
Something smites you!
You die...

.## ###
##.....).))........
..##
##..)###############
...# #...##..(....
...# #.)##.......
..## #..#...(o.##
.## #..#...(...# ##
#..#C.(o.# . #
#..#)o).###..
#..#)@#..#....
#..)..##...#∩# ##
#.)...# ...o.∩ .#
#.....##...#∩# .##
#.)#).#..#... ..#
#..#.)[)# #. ..#
#..#.....# .##
#..#.......# ..#
#..#......##


You could see 2 orc high priests, an orc wizard and a friendly stone giant
(berserk).

Vanquished Creatures
  Rupert (Lair:8)
  The ghost of Swippen the Grappler, a powerful TrMo of Ru (D:11)
  6 hydras
  Erica (D:12)
  7 death yaks
  The ghost of esc the Skirmisher, an experienced DsGl of Okawaru (D:10)
  An orc high priest (Orc:4)
  Nergalle (Lair:2)
  An unseen horror (D:10)
  The ghost of Spolavi the Destroyer, an experienced DECj of Vehumet (Lair:1)
  Erolcha (Orc:1)
  An orb spider (Lair:4)
  An orc knight (Orc:3)
  A lindwurm (Lair:6)
  A griffon (Lair:7)
  2 ugly things
  A hill giant (D:11)
  An orc sorcerer (Orc:4)
  A manticore (D:12)
  7 elephants (Lair:8)
  5 black mambas
  2 toenail golems (Volcano)
  2 molten gargoyles (Volcano)
  15 spiny frogs
  A smoke demon (Volcano)
  2 torpor snails
  4 komodo dragons
  A tengu conjurer (D:12)
  4 trolls
  3 fire drakes
  A red devil (Volcano)
  A wandering mushroom (D:8)
  10 polar bears
  A spriggan druid (Lair:8)
  Grinder (D:5)
  3 slime creatures (Lair:6)
  19 blink frogs
  A snapping turtle (Lair:5)
  5 basilisks
  7 spriggans (Lair:8)
  4 redbacks (Lair:8)
  A fire bat (Volcano)
  62 yaks
  8 hippogriffs
  2 deep elf magi (D:12)
  Eustachio (D:4)
  A steam dragon (D:12)
  33 wolves
  4 wargs
  Edmund (D:4)
  3 vampire mosquitoes (D:12)
  A mottled dragon (D:9)
  22 water moccasins
  2 sky beasts
  6 porcupines
  18 black bears
  2 phantoms
  17 orc warriors
  4 ice beasts
  2 wasps (Lair:8)
  2 necrophages
  9 ogres
  A boring beetle (Lair:5)
  11 centaurs
  Sigmund (D:2)
  16 crocodiles
  4 big kobolds
  15 giant frogs
  5 killer bees (D:8)
  3 scorpions
  A wight (D:6)
  6 jellies
  An electric eel (Lair:2)
  6 hounds
  2 quasits (D:9)
  34 orc priests
  8 crimson imps
  2 centaur skeletons
  A giant frog skeleton (D:12)
  39 orc wizards
  11 iguanas
  6 worker ants
  20 sheep
  Ijyb (D:6)
  2 hound skeletons
  A mummy (D:8)
  A worker ant zombie (D:5)
  22 adders
  2 shadow imps (D:6)
  A giant mite (D:7)
  61 river rats
  2 worms (D:4)
  An adder skeleton (D:6)
  An adder zombie (D:6)
  5 giant geckos
  162 orcs
  A bat skeleton (D:5)
  A bat zombie (D:8)
  9 giant cockroaches
  18 goblins
  18 hobgoblins
  24 jackals
  37 kobolds
  14 quokkas
  6 bats
  2 giant newts
  A giant spore (D:12)
  2 gnoll zombies (D:3)
  8 rats
  A spectral orc (Lair:2)
  6 ballistomycetes
934 creatures vanquished.

Vanquished Creatures (collateral kills)
  3 death yaks (Lair:8)
  A spiny frog (Lair:8)
  A spriggan druid (Lair:8)
  A basilisk (Lair:8)
  2 spriggans (Lair:8)
  A redback (Lair:8)
  Grum (D:8)
  A wolf (Lair:8)
  2 black bears (Lair:8)
  A giant frog (D:6)
  A crocodile (Lair:5)
  A scorpion (D:6)
  4 wights (D:6)
  A hobgoblin (D:6)
21 creatures vanquished.

Vanquished Creatures (others)
  A two-headed ogre (D:8)
  A giant spore (D:6)
  6 fungi
  3 plants
  13 toadstools (Lair:5)
24 creatures vanquished.

Grand Total: 979 creatures vanquished

Notes
Turn   | Place    | Note
--------------------------------------------------------------
     0 | D:1      | Zapata, the Kobold Berserker, began the quest for the Orb.
     0 | D:1      | Reached XP level 1. HP: 14/14 MP: 1/1
   188 | D:1      | Reached XP level 2. HP: 19/19 MP: 2/2
   271 | D:1      | Reached skill level 4 in Maces & Flails
   271 | D:1      | Reached XP level 3. HP: 15/23 MP: 3/3
   503 | D:2      | Acquired Trog's second power
   808 | D:2      | Noticed Sigmund
   817 | D:2      | Killed Sigmund
   817 | D:2      | Reached skill level 5 in Maces & Flails
   817 | D:2      | Reached XP level 4. HP: 7/28 MP: 4/4
   817 | D:2      | Reached XP level 5. HP: 8/32 MP: 5/5
  1927 | D:3      | Found a basalt altar of Yredelemnul.
  2023 | D:3      | Reached skill level 6 in Maces & Flails
  2403 | D:4      | Noticed Eustachio
  2459 | D:4      | Killed Eustachio
  2459 | D:4      | Reached skill level 7 in Maces & Flails
  2459 | D:4      | Reached XP level 6. HP: 30/37 MP: 6/6
  2696 | D:4      | Reached XP level 7. HP: 41/41 MP: 7/7
  3014 | D:4      | Noticed Edmund
  3025 | D:4      | Killed Edmund
  3025 | D:4      | Reached skill level 8 in Maces & Flails
  3631 | D:5      | Entered Level 5 of the Dungeon
  3638 | D:5      | Reached XP level 8. HP: 46/46 MP: 8/8
  3643 | D:5      | Acquired Trog's third power
  3695 | D:5      | Reached skill level 9 in Maces & Flails
  4087 | D:5      | Noticed Grinder
  4092 | D:5      | Killed Grinder
  4092 | D:5      | Reached skill level 10 in Maces & Flails
  4122 | D:5      | Found Pydeblick's Assorted Antiques.
  4140 | D:5      | Bought a scroll labeled RAKHLO THREA for 19 gold pieces
  4140 | D:5      | Bought a scroll labeled GEIQUJAIHE for 19 gold pieces
  4140 | D:5      | Bought a scroll labeled FEMAESM NORHUE for 19 gold pieces
  4140 | D:5      | Bought a scroll labeled TWYSHR BROMPATT for 19 gold pieces
  4140 | D:5      | Bought a scroll labeled RAKHLO THREA for 19 gold pieces
  4140 | D:5      | Bought a puce potion for 17 gold pieces
  4140 | D:5      | Bought a scroll labeled PRILAE TISAT for 19 gold pieces
  4140 | D:5      | Bought a scratched garnet ring for 95 gold pieces
  4410 | D:5      | Reached XP level 9. HP: 51/51 MP: 9/9
  4543 | D:5      | Reached skill level 11 in Maces & Flails
  4638 | D:6      | Noticed Ijyb
  4642 | D:6      | Killed Ijyb
  4725 | D:6      | Found a shadowy altar of Dithmenos.
  5055 | D:6      | Reached skill level 12 in Maces & Flails
  5454 | D:6      | Found a burning altar of Makhleb.
  5597 | D:7      | You fall through a shaft for 2 floors!
  5621 | D:9      | Received a gift from Trog
  5784 | D:7      | Found a stormy altar of Qazlal.
  5850 | D:7      | Found Qamidoas' Assorted Antiques.
  5859 | D:7      | Bought a scroll labeled GHOXISIERA for 25 gold pieces
  5859 | D:7      | Bought a scroll labeled BREF RICOOR for 25 gold pieces
  5933 | D:7      | Reached XP level 10. HP: 50/56 MP: 10/10
  5935 | D:7      | Found a staircase to the Ecumenical Temple.
  5946 | D:7      | Reached skill level 13 in Maces & Flails
  6278 | D:8      | Noticed an oklob plant
  6306 | D:8      | Noticed an oklob plant
  6450 | D:8      | an oklob plant changed into a wandering mushroom
  6556 | D:8      | Reached skill level 14 in Maces & Flails
  7178 | D:8      | Noticed Grum
  7186 | D:8      | Killed Grum
  7510 | D:8      | Noticed an oklob plant
  7584 | D:9      | Found a staircase to the Lair.
  7588 | D:9      | Found a shattered altar of Ashenzari.
  7984 | D:9      | Reached skill level 1 in Stealth
  7995 | D:9      | Received a gift from Trog
  8003 | D:9      | Reached XP level 11. HP: 47/60 MP: 11/11
  8261 | D:9      | Found a deep blue altar of Sif Muna.
  8265 | D:9      | Found a radiant altar of Vehumet.
  8265 | D:9      | Found an ancient bone altar of Kikubaaqudgha.
  8369 | D:10     | Entered Level 10 of the Dungeon
  8593 | Lair:1   | Entered Level 1 of the Lair of Beasts
  8593 | Lair:1   | Noticed Spolavi's ghost (experienced DECj)
  8609 | Lair:1   | Killed Spolavi's ghost
  8614 | Lair:1   | Reached skill level 5 in Fighting
  8620 | Lair:1   | Reached skill level 5 in Dodging
  8620 | Lair:1   | Reached skill level 5 in Stealth
  9553 | Lair:1   | Received a gift from Trog
 10100 | Lair:2   | Reached XP level 12. HP: 52/71 MP: 12/12
 10103 | Lair:2   | Reached skill level 5 in Armour
 10106 | Lair:2   | Received a gift from Trog
 10475 | Lair:2   | Noticed Nergalle
 10499 | Lair:2   | Killed Nergalle
 11182 | Lair:3   | Received a gift from Trog
 11412 | Lair:3   | Reached skill level 1 in Crossbows
 11729 | Lair:3   | Reached XP level 13. HP: 49/80 MP: 13/13
 12120 | Lair:3   | Reached skill level 5 in Crossbows
 12426 | Lair:4   | Found a hole to the Spider Nest.
 12437 | Lair:4   | Reached skill level 10 in Dodging
 12463 | Lair:4   | Received a gift from Trog
 13486 | Lair:5   | Reached skill level 10 in Fighting
 13917 | Lair:5   | Found a staircase to the Shoals.
 14463 | Lair:5   | Found a blossoming altar of Fedhas.
 14644 | Lair:6   | Found a staircase to the Slime Pits.
 14817 | Lair:6   | Received a gift from Trog
 14871 | Lair:6   | Found a dark tunnel.
 14940 | Volcano  | Entered a volcano
 15096 | Volcano  | Found a burning altar of Makhleb.
 15429 | Lair:6   | Reached XP level 14. HP: 48/90 MP: 14/14
 15443 | Lair:6   | Received a gift from Trog
 17366 | Lair:7   | Received a gift from Trog
 17954 | Lair:7   | Received a gift from Trog
 18257 | Lair:7   | Identified a scroll of acquirement
 18265 | Lair:7   | Got a faintly glowing helmet
 18276 | Lair:7   | Identified the -2 helmet of Gririaw {rC+} (You acquired it on level 7 of the Lair of Beasts)
 18322 | Lair:7   | Reached skill level 10 in Stealth
 19157 | Lair:8   | Entered Level 8 of the Lair of Beasts
 19648 | Lair:8   | Received a gift from Trog
 19876 | Lair:8   | Reached XP level 15. HP: 65/97 MP: 15/15
 20058 | Lair:8   | Received a gift from Trog
 20244 | Lair:8   | Received a gift from Trog
 20257 | Lair:8   | Got a sapphire whip
 20263 | Lair:8   | Identified the cursed -2 whip "Schusib" {slash, +Blink rElec rF-} (You found it on level 8 of the Lair of Beasts)
 20398 | Lair:8   | Noticed Rupert
 20432 | Lair:8   | Got a smoking arbalest
 20497 | Lair:8   | Identified the +3 arbalest of Doom {velocity, rC+} (You found it on level 8 of the Lair of Beasts)
 20538 | Lair:8   | Paralysed by Rupert for 6 turns
 20749 | Lair:8   | Killed Rupert
 21370 | D:10     | Noticed esc's ghost (experienced DsGl)
 21382 | D:10     | Killed esc's ghost
 21903 | D:11     | Received a gift from Trog
 22218 | D:11     | Noticed Swippen's ghost (powerful TrMo)
 22235 | D:11     | Killed Swippen's ghost
 22583 | D:11     | Reached skill level 1 in Shields
 22886 | D:12     | Noticed Erica
 22896 | D:12     | Killed Erica
 22971 | D:12     | Received a gift from Trog
 23034 | D:12     | Found a staircase to the Orcish Mines.
 23276 | D:12     | Found a deep blue altar of Sif Muna.
 23448 | Orc:1    | Entered Level 1 of the Orcish Mines
 23668 | Orc:1    | Noticed Erolcha
 23679 | Orc:1    | Killed Erolcha
 23689 | Orc:1    | Received a gift from Trog
 24040 | Orc:1    | Received a gift from Trog
 24249 | Orc:2    | Found a roughly hewn altar of Beogh.
 24387 | Orc:2    | Found a burning altar of Makhleb.
 24880 | Orc:3    | Found a staircase to the Elven Halls.
 25005 | Orc:3    | Received a gift from Trog
 25092 | Orc:3    | Reached skill level 5 in Shields
 25130 | Orc:3    | Received a gift from Trog
 25598 | Orc:4    | Entered Level 4 of the Orcish Mines
 25857 | Orc:4    | Found a burning altar of Makhleb.
 25887 | Orc:4    | Got a ripped robe
 25893 | Orc:4    | Found a roughly hewn altar of Beogh.
 25906 | Orc:4    | Identified the +2 robe "Goefyn" {rC+ MR+ rCorr Dex+2 Slay-2} (You found it on level 4 of the Orcish Mines)
 26081 | Orc:4    | Received a gift from Trog
 26290 | D:10     | Killed an unseen horror
 26689 | Orc:4    | Found Tuym Cezoi's Magic Scroll Shop.
 26691 | Orc:4    | Found Zuis' Assorted Antiques.
 26692 | Orc:4    | Found Phuynof's Book Boutique.
 26720 | Orc:4    | Found Wuenaedgh's Weapon Shop.
 26775 | Orc:4    | Killed from afar by an orc high priest

Action                   |  1- 3 |  4- 6 |  7- 9 | 10-12 | 13-15 || total
-------------------------+-------+-------+-------+-------+-------++-------
Melee: Mace              |    48 |    76 |    28 |       |       ||   152
       Unarmed           |       |     3 |       |       |       ||     3
       Flail             |       |       |   243 |   528 |  1414 ||  2185
       Demon whip        |       |       |       |       |    17 ||    17
 Fire: Hand crossbow     |       |       |       |       |    10 ||    10
Invok: Berserk           |     2 |     1 |     7 |     7 |    24 ||    41
       Burn Spellbooks   |       |       |     1 |     3 |     2 ||     6
       Brothers in Arms  |       |       |     1 |     1 |     5 ||     7
Evoke: Wand              |       |       |       |     3 |       ||     3
  Use: Potion            |     2 |       |       |     1 |     2 ||     5
       Scroll            |       |       |    12 |     2 |    13 ||    27
 Stab: Sleeping          |       |     2 |     2 |     9 |    21 ||    34
       Distracted        |       |       |       |       |    10 ||    10
       Fleeing           |       |       |       |       |     1 ||     1
  Eat: Chunk             |     4 |    11 |    19 |     9 |    59 ||   102
       Meat ration       |       |       |       |     2 |     2 ||     4
       Pizza             |       |       |       |       |     1 ||     1
